[Event "Titled Tuesday Blitz May 25 2021"]
[White "Zhigalko, Sergei"]
[Black "Kovacsy, Barnabas"]
[WhiteFideId "13502956"]
[BlackFideId "769290"]
[WhiteElo "2662"]
[BlackElo "1938"]
[Result "1-0"]
[Round "01"]
[TimeControl "180+1"]
[Date "2021.05.25"]
[WhiteClock "0:00:02"]
[BlackClock "0:00:40"]

1. e4 c5 2. Nf3 e6 3. c3 d5 4. e5 d4 5. Bd3 Nc6 6. O-O Nge7 7. Re1 Ng6 8. g3 Be7 9. h4 Qc7 10. Qe2 h5 11. Na3 a6 12. Nc2 dxc3 13. dxc3 Nf8 14. Bg5 Bd7 15. Rad1 O-O-O 16. Bxe7 Nxe7 17. Ng5 Be8 18. Na3 Nf5 19. Nc4 f6 20. exf6 Nxg3 21. fxg3 Qxg3+ 22. Qg2 Rxd3 23. fxg7 Rg8 24. gxf8=Q Rxf8 25. Qxg3 Rxg3+ 26. Kh2 Rg4 27. Nd6+ Kb8 28. Rf1 Rxh4+ 29. Nh3 Rxf1 30. Rxf1 Bd7 31. Rf4 Rxf4 32. Nxf4 Kc7 33. Nf7 b5 34. Kg3 b4 35. c4 1-0


[Site "https://www.chess.com"]

[Event "Titled Tuesday Blitz May 25 2021"]
[White "Zia, Tahsin Tajwar"]
[Black "Shahade, Gregory"]
[WhiteFideId "10211888"]
[BlackFideId "2009064"]
[WhiteElo "1800"]
[BlackElo "2685"]
[Result "1-0"]
[Round "01"]
[TimeControl "180+1"]
[Date "2021.05.25"]
[WhiteClock "0:00:05"]
[BlackClock "0:00:09"]

1. d4 Nf6 2. Bf4 g6 3. Nc3 d5 4. e3 Bg7 5. h4 c6 6. Be2 h5 7. Nf3 a5 8. Ne5 Nbd7 9. Qd2 Nxe5 10. Bxe5 Kf8 11. f3 b5 12. a3 Be6 13. Nd1 Nd7 14. Bxg7+ Kxg7 15. Nf2 Nf6 16. Nd3 Bf5 17. Ne5 Qc7 18. Bd3 Bxd3 19. cxd3 Nd7 20. f4 f6 21. Nxd7 Qxd7 22. Rc1 a4 23. Rc5 Qe6 24. Kf2 Rac8 25. Qe2 Rhd8 26. Rhc1 Qd6 27. g4 hxg4 28. Qxg4 f5 29. Qg3 Rh8 30. Ke2 Qf6 31. Kd2 Rh6 32. Kc2 Rxh4 33. Kb1 Rg4 34. Qh3 Rh4 35. Qf3 Rhh8 36. Qd1 Qe6 37. Qe1 Rh3 38. e4 Rxd3 39. e5 Rxd4 40. Qg3 Rd2 41. Rh1 Rh8 42. Rxh8 Kxh8 43. Qh4+ Kg7 44. Rc3 g5 45. fxg5 Qxe5 46. Qh6+ Kg8 47. Qg6+ Kf8 48. Qxc6 Rd1+ 49. Ka2 d4 50. Qh6+ Ke8 51. Rc8+ Kf7 52. Qh7+ Ke6 53. Qg8+ Kd7 54. Qd8+ Ke6 55. Rc6+ Kf7 56. g6+ Kg7 57. Qe8 Qe6+ 58. Rxe6 d3 59. Qf7+ Kh6 60. g7+ Kg5 61. g8=Q+ Kf4 62. Re4+ Kxe4 63. Qgg6 d2 64. Qgxf5+ Ke3 65. Qf2+ Ke4 66. Q7f4+ Kd3 67. Q2e3+ Kc2 68. Qfe4+ Kc1 69. Qc3# 1-0


[Site "https://www.chess.com"]

[Event "Titled Tuesday Blitz May 25 2021"]
[White "Zierk, Steven"]
[Black "Shirazi, Kamran"]
[WhiteFideId "2034255"]
[BlackFideId "2000733"]
[WhiteElo "2502"]
[BlackElo "2317"]
[Result "1-0"]
[Round "01"]
[TimeControl "180+1"]
[Date "2021.05.25"]
[WhiteClock "0:00:54"]
[BlackClock "0:01:12"]

1. e4 d5 2. exd5 c6 3. d4 cxd5 4. Bd3 Nc6 5. c3 e5 6. dxe5 Nxe5 7. Nf3 Bg4 8. Bb5+ Nc6 9. O-O Bc5 10. h3 Bh5 11. Nbd2 Nf6 12. Re1+ Kf8 13. Nb3 Bb6 14. Be3 Ne4 15. Bxb6 Qxb6 16. Qe2 Bxf3 17. gxf3 Ng5 18. Bxc6 Nxh3+ 19. Kh2 Qxc6 20. Qe7+ Kg8 21. Nd4 Qc8 22. Nf5 h6 23. Qe5 Qf8 24. Kxh3 g6 25. Ne7+ Kh7 26. Nxd5 Qb8 27. Nf6+ Kg7 28. Ne8+ 1-0


[Site "https://www.chess.com"]

[Event "Titled Tuesday Blitz May 25 2021"]
[White "Zubov, Alexander"]
[Black "Tsyhanchuk_Stanislav"]
[WhiteFideId "14109409"]
[WhiteElo "2740"]
[BlackElo "2460"]
[Result "1-0"]
[Round "01"]
[TimeControl "180+1"]
[Date "2021.05.25"]
[WhiteClock "0:00:21"]
[BlackClock "0:00:03"]

1. d4 Nf6 2. c4 g6 3. Nf3 Bg7 4. g3 O-O 5. Bg2 d6 6. O-O Nc6 7. Nc3 a6 8. Bf4 Rb8 9. Rc1 Bd7 10. d5 Na5 11. b3 b5 12. cxb5 axb5 13. Nd4 Qe8 14. Qd2 b4 15. Nb1 e5 16. dxe6 fxe6 17. Bh6 Bxh6 18. Qxh6 c5 19. Nf3 Bb5 20. Rfe1 Qe7 21. Bh3 Ne4 22. Qe3 d5 23. Nbd2 Nxd2 24. Qxe6+ Qxe6 25. Bxe6+ Kg7 26. Nxd2 c4 27. bxc4 dxc4 28. Nxc4 Rfe8 29. Nxa5 Rxe6 30. Rc2 Rbe8 31. Kf1 h5 32. h4 Ra6 33. Nb3 Rea8 34. Nd4 Be8 35. Rb1 Ra4 36. Rc4 Bf7 37. Rcxb4 Rxa2 38. Rb7 Kg8 39. Rd7 R8a7 40. Rxa7 Rxa7 41. Rb5 Kg7 42. Kg2 Rc7 43. e3 Bc4 44. Ra5 Bf7 45. Kf3 Re7 46. Kf4 Rc7 47. e4 Rb7 48. f3 Rc7 49. Ra6 Re7 50. Rb6 Re8 51. Rb7 Kg8 52. Nc6 Rf8 53. Kg5 Be8 54. Ne7+ Kh8 55. Nxg6+ Bxg6 56. Kxg6 Rxf3 57. Rb8+ 1-0


[Site "https://www.chess.com"]

[Event "Titled Tuesday Blitz May 25 2021"]
[White "freshfoodcompany"]
[Black "Barrientos, Sergio E"]
[BlackFideId "4401824"]
[WhiteElo "2413"]
[BlackElo "2536"]
[Result "1-0"]
[Round "01"]
[TimeControl "180+1"]
[Date "2021.05.25"]
[WhiteClock "0:00:30"]
[BlackClock "0:00:18"]

1. d4 Nf6 2. c4 g6 3. Nc3 d5 4. Nf3 Bg7 5. Qb3 dxc4 6. Qxc4 O-O 7. e4 Nc6 8. Be2 Bg4 9. d5 Na5 10. Qa4 c6 11. e5 b5 12. Qf4 Bxf3 13. exf6 exf6 14. Qxf3 b4 15. Ne4 cxd5 16. Ng3 f5 17. O-O Rc8 18. Rd1 d4 19. Bd2 Qb6 20. Bd3 Nc4 21. Bxc4 Rxc4 22. Rac1 Rxc1 23. Rxc1 h5 24. b3 Re8 25. Nf1 a5 26. h3 Qb5 27. Rc4 Re4 28. Qd3 Qd5 29. f3 Re6 30. Be3 Rd6 31. Bf2 Rd8 32. Nd2 Kh7 33. f4 Rd7 34. Nf3 Qe4 35. Ng5+ 1-0


[Site "https://www.chess.com"]

[Event "Titled Tuesday Blitz May 25 2021"]
[White "Abdrlauf, Elham"]
[Black "Taboas Rodriguez, Daniel"]
[WhiteFideId "1533533"]
[BlackFideId "2208466"]
[WhiteElo "2326"]
[BlackElo "2429"]
[Result "1-0"]
[Round "02"]
[TimeControl "180+1"]
[Date "2021.05.25"]
[WhiteClock "0:00:01"]
[BlackClock "0:00:06"]

1. e4 e6 2. d4 d5 3. Nc3 Nc6 4. Nf3 Nf6 5. e5 Ne4 6. Bd3 Bb4 7. O-O Nxc3 8. bxc3 Bxc3 9. Rb1 h6 10. Be3 Bb4 11. c4 Be7 12. h3 O-O 13. cxd5 Qxd5 14. Qd2 a5 15. Rb5 Bb4 16. Qc1 Qxa2 17. Bxh6 f6 18. Bc4 Qa3 19. Qf4 Rf7 20. d5 fxe5 21. Qg3 Nd4 22. dxe6 Bxe6 23. Bxe6 Nxe6 24. Qxe5 Re8 25. Be3 b6 26. Ng5 Rfe7 27. Qf5 Nxg5 28. Qxg5 Qd3 29. Rd5 Qe4 30. Rf5 Qe6 31. Qg4 Rf7 32. Rxf7 Qxg4 33. hxg4 Kxf7 34. Rc1 c5 35. Kf1 a4 36. Ra1 a3 37. Ke2 b5 38. Kd3 Ra8 39. Kc2 c4 40. Bd4 g6 41. Rb1 Ra4 42. Rh1 a2 43. Ba1 Be7 44. Rh7+ Ke6 45. Rg7 g5 46. Rg6+ Kd5 47. f4 gxf4 48. g5 b4 49. Rg7 b3+ 50. Kd1 Bc5 51. Rg8 1-0


[Site "https://www.chess.com"]

[Event "Titled Tuesday Blitz May 25 2021"]
[White "Akbas, Umut Ata"]
[Black "Zierk, Steven"]
[WhiteFideId "44572646"]
[BlackFideId "2034255"]
[WhiteElo "1590"]
[BlackElo "2502"]
[Result "0-1"]
[Round "02"]
[TimeControl "180+1"]
[Date "2021.05.25"]
[WhiteClock "0:00:13"]
[BlackClock "0:00:49"]

1. d4 Nf6 2. Nf3 e6 3. c4 b6 4. Nc3 Bb7 5. Qc2 c5 6. dxc5 Bxc5 7. Bg5 h6 8. Bh4 O-O 9. e3 Nc6 10. a3 Be7 11. Rd1 d6 12. Be2 a6 13. O-O Qc7 14. h3 Rac8 15. Rc1 Nd7 16. Bg3 Nce5 17. Nxe5 Nxe5 18. b3 Qc6 19. f3 Qc5 20. Ne4 Qxe3+ 21. Bf2 Bxe4 22. fxe4 Qg5 23. Bxb6 d5 24. exd5 exd5 25. Rf5 Qg6 26. Rxe5 Qxb6+ 27. Kh1 Bxa3 28. Ra1 Qd4 0-1


[Site "https://www.chess.com"]

[Event "Titled Tuesday Blitz May 25 2021"]
[White "Andreikin, Dmitry"]
[Black "Horobetz, Graham"]
[WhiteFideId "4158814"]
[BlackFideId "2047322"]
[WhiteElo "2782"]
[BlackElo "2588"]
[Result "1/2-1/2"]
[Round "02"]
[TimeControl "180+1"]
[Date "2021.05.25"]
[WhiteClock "0:02:13"]
[BlackClock "0:01:39"]

1. e4 c5 2. Nc3 g6 3. d4 cxd4 4. Qxd4 Nf6 5. Bb5 a6 6. e5 axb5 7. exf6 Nc6 8. Qh4 b4 9. Nce2 exf6 10. Nf3 Bg7 11. O-O O-O 12. Bh6 d5 13. Bxg7 Kxg7 14. Ned4 Qd6 15. Rfd1 Be6 16. Qg3 Qxg3 17. hxg3 Ra5 18. Nb3 Ra7 19. a3 bxa3 20. Rxa3 Rxa3 21. bxa3 Ra8 22. Ra1 Bf5 23. Nfd4 Nxd4 24. Nxd4 Bd7 25. Kf1 Ra4 26. c3 Rc4 27. Rc1 Ra4 28. Ra1 Rc4 29. Rc1 Ra4 30. Ra1 1/2-1/2


[Site "https://www.chess.com"]

[Event "Titled Tuesday Blitz May 25 2021"]
[White "Arias, Juan Cruz"]
[Black "Gabrielian, Artur"]
[WhiteFideId "118540"]
[BlackFideId "4131002"]
[WhiteElo "2083"]
[BlackElo "2539"]
[Result "1-0"]
[Round "02"]
[TimeControl "180+1"]
[Date "2021.05.25"]
[WhiteClock "0:00:42"]
[BlackClock "0:00:08"]

1. e4 c5 2. Nc3 d6 3. g3 Nc6 4. Bg2 g6 5. d3 Bg7 6. f4 Nf6 7. Nf3 O-O 8. O-O Rb8 9. Bd2 b5 10. a3 a5 11. a4 b4 12. Nb5 Ne8 13. Rb1 Nc7 14. c4 Bg4 15. h3 Bxf3 16. Qxf3 Ne6 17. Kh1 Ned4 18. Qd1 e6 19. Be3 Kh8 20. h4 f5 21. Bf2 h5 22. Re1 Kh7 23. Bf3 b3 24. Kg2 Nxf3 25. Qxf3 Nd4 26. Bxd4 cxd4 27. exf5 exf5 28. Re6 Rf6 29. Rbe1 Qf8 30. Qd5 Rxe6 31. Rxe6 Re8 32. Nxd6 Rxe6 33. Qxe6 Qb8 34. Qd7 Qa8+ 35. Qb7 Qd8 36. Nf7 Qe8 37. Ne5 Kh6 38. Qc6 Qxc6+ 39. Nxc6 Bf8 40. Nxa5 Ba3 41. Nxb3 Bxb2 42. a5 1-0


[Site "https://www.chess.com"]

[Event "Titled Tuesday Blitz May 25 2021"]
[White "Barbero Sendic, Alejandro"]
[Black "Laxman, R.R."]
[WhiteFideId "3001288"]
[BlackFideId "5005361"]
[WhiteElo "2314"]
[BlackElo "2476"]
[Result "0-1"]
[Round "02"]
[TimeControl "180+1"]
[Date "2021.05.25"]
[WhiteClock "0:00:07"]
[BlackClock "0:01:12"]

1. d4 Nf6 2. Nc3 e6 3. Bf4 Bb4 4. e3 Nd5 5. Ne2 Nxf4 6. exf4 O-O 7. g3 d5 8. Bg2 c5 9. O-O Nc6 10. dxc5 Bxc5 11. f5 d4 12. Ne4 Be7 13. fxe6 Bxe6 14. c3 Bc4 15. cxd4 Bxe2 16. Qxe2 Qxd4 17. Rfd1 Qb6 18. Nc3 Bf6 19. Rac1 Rfe8 20. Qg4 Bxc3 21. bxc3 Ne5 22. Qe4 Qb2 23. Qxb7 Qxa2 24. Bd5 Qe2 25. f4 Rab8 26. Qxa7 Rb2 27. fxe5 Qxh2+ 28. Kf1 Kh8 29. Qxf7 Qh3+ 30. Kg1 Qxg3+ 31. Kf1 Qh3+ 32. Kg1 Qe3+ 33. Kf1 Qe2+ 34. Kg1 Qh2+ 35. Kf1 Rd8 36. Qf3 h6 37. e6 Qe5 38. Qe4 Rf8+ 0-1


[Site "https://www.chess.com"]

[Event "Titled Tuesday Blitz May 25 2021"]
[White "Barria Zuniga, Daniel"]
[Black "Abdusattorov, Nodirbek"]
[WhiteFideId "3400816"]
[BlackFideId "14204118"]
[WhiteElo "2414"]
[BlackElo "2662"]
[Result "0-1"]
[Round "02"]
[TimeControl "180+1"]
[Date "2021.05.25"]
[WhiteClock "0:00:02"]
[BlackClock "0:00:41"]

1. Nc3 c5 2. d4 cxd4 3. Qxd4 Nc6 4. Qh4 g6 5. Nf3 Bg7 6. Bd2 Nf6 7. O-O-O h6 8. h3 d6 9. e4 Be6 10. Bb5 Qa5 11. Nd4 Bd7 12. Nb3 Qb6 13. Be3 Qc7 14. Nd5 Nxd5 15. exd5 Ne5 16. Bxd7+ Qxd7 17. Bd4 Rc8 18. f4 g5 19. Qf2 gxf4 20. Qxf4 a5 21. Bc3 Rxc3 22. bxc3 O-O 23. Rhe1 Rc8 24. Re3 Qb5 25. Rde1 Qxd5 26. Nd4 Qxa2 27. Nf5 Nc4 28. Kd1 Nxe3+ 29. Rxe3 Rxc3 30. Nxh6+ Bxh6 31. Qg4+ Bg7 32. Rxc3 Qa1+ 0-1


[Site "https://www.chess.com"]

[Event "Titled Tuesday Blitz May 25 2021"]
[White "Bodnaruk, Anastasia"]
[Black "Zubov, Alexander"]
[WhiteFideId "4181751"]
[BlackFideId "14109409"]
[WhiteElo "2393"]
[BlackElo "2740"]
[Result "0-1"]
[Round "02"]
[TimeControl "180+1"]
[Date "2021.05.25"]
[WhiteClock "0:00:11"]
[BlackClock "0:00:23"]

1. e4 c5 2. Nc3 e6 3. Nf3 a6 4. d4 cxd4 5. Nxd4 b5 6. Bd3 Qb6 7. Nb3 Qc7 8. O-O Bb7 9. Bg5 Nc6 10. Re1 Be7 11. Qd2 Nf6 12. Bf4 Ne5 13. Nd4 O-O 14. h3 Rac8 15. a4 b4 16. Na2 Bd6 17. Bg5 Qb6 18. Bxf6 gxf6 19. Nb3 Kh8 20. a5 Qc7 21. Nxb4 Rg8 22. Kh1 Ra8 23. Nd4 Rg6 24. f4 Nxd3 25. Nxd3 Rag8 26. Re2 f5 27. e5 Rxg2 28. Rxg2 Rxg2 29. Qxg2 Bxg2+ 30. Kh2 Bc5 31. Nb3 Ba7 32. Rc1 Be4 0-1


[Site "https://www.chess.com"]

[Event "Titled Tuesday Blitz May 25 2021"]
[White "Bok, Benjamin"]
[Black "Kjartansson, David"]
[WhiteFideId "1017063"]
[BlackFideId "2301130"]
[WhiteElo "2674"]
[BlackElo "2292"]
[Result "1-0"]
[Round "02"]
[TimeControl "180+1"]
[Date "2021.05.25"]
[WhiteClock "0:00:47"]
[BlackClock "0:00:58"]

1. d4 Nf6 2. c4 e6 3. Nc3 d5 4. cxd5 exd5 5. Bg5 Nbd7 6. e3 c6 7. Bd3 Be7 8. Nf3 Nh5 9. Bxe7 Qxe7 10. O-O O-O 11. Qc2 g6 12. Rab1 a5 13. a3 f5 14. b4 axb4 15. axb4 b5 16. Ne2 Bb7 17. Qc3 Nhf6 18. Ne5 Rfc8 19. Ra1 Nb6 20. Rxa8 Bxa8 21. Ra1 Ne4 22. Bxe4 fxe4 23. Qc5 Qxc5 24. dxc5 Na4 25. Nd4 Bb7 26. f3 exf3 27. gxf3 Rc7 28. Kf2 Rc8 29. h4 Kg7 30. f4 Kf6 31. h5 gxh5 32. Rh1 Nc3 33. Rxh5 Ne4+ 34. Kf3 Rg8 35. Rh6+ Kg7 36. Nf5+ Kf8 37. Rxh7 Bc8 38. Rf7+ Ke8 39. Ng7+ Kd8 40. Nxc6# 1-0


[Site "https://www.chess.com"]

[Event "Titled Tuesday Blitz May 25 2021"]
[White "Borsuk, Konstantin"]
[Black "Zemach, Roee"]
[WhiteFideId "14113406"]
[BlackFideId "2818531"]
[WhiteElo "2363"]
[BlackElo "2131"]
[Result "1-0"]
[Round "02"]
[TimeControl "180+1"]
[Date "2021.05.25"]
[WhiteClock "0:00:39"]
[BlackClock "0:00:12"]

1. d4 Nf6 2. c4 e6 3. Nf3 d5 4. a3 dxc4 5. Nc3 c5 6. e4 cxd4 7. Qxd4 Qxd4 8. Nxd4 Bc5 9. Be3 O-O 10. Bxc4 a6 11. h3 Nbd7 12. b4 Ba7 13. Ke2 b5 14. Bd3 Bb7 15. Nb3 Ne5 16. Bxa7 Rxa7 17. f4 Nc4 18. Bxc4 bxc4 19. Nc5 Bc6 20. Rhd1 Nd7 21. Nxd7 Bxd7 22. Rd4 Rc8 23. Rad1 Rcc7 24. Rd6 Kf8 25. Ke3 Ke7 26. e5 Bc6 27. g4 Bg2 28. h4 g6 29. Rd8 Bh3 30. g5 Rd7 31. R8xd7+ Rxd7 32. Rxd7+ Kxd7 33. Kd4 Bg2 34. Kxc4 Kc6 35. Kd4 Bf3 36. a4 Bg2 37. Ne4 Bxe4 38. Kxe4 Kb6 39. Kd4 a5 40. bxa5+ Kxa5 41. Kc5 Kxa4 42. Kd6 Kb4 43. Ke7 Kc5 44. Kxf7 Kd5 45. Kf6 Ke4 46. Kxe6 Kxf4 47. Kf6 Kg4 48. e6 1-0


[Site "https://www.chess.com"]

[Event "Titled Tuesday Blitz May 25 2021"]
[White "Bortnyk, Olexandr"]
[Black "Matveev, Vladimir"]
[WhiteFideId "14120828"]
[BlackFideId "24130753"]
[WhiteElo "2723"]
[BlackElo "2383"]
[Result "1-0"]
[Round "02"]
[TimeControl "180+1"]
[Date "2021.05.25"]
[WhiteClock "0:01:21"]
[BlackClock "0:00:10"]

1. d4 Nf6 2. Bf4 g6 3. e3 Bg7 4. h4 d6 5. h5 Nxh5 6. Rxh5 gxh5 7. Qxh5 e6 8. Nf3 h6 9. Nc3 Nd7 10. O-O-O Nf6 11. Qh2 Bd7 12. e4 Qe7 13. e5 dxe5 14. Nxe5 O-O-O 15. Bc4 Be8 16. Rd3 Nd5 17. Nxd5 exd5 18. Bb3 f6 19. Nf3 Bg6 20. Re3 Qd7 21. Bxc7 Qxc7 22. Rc3 Qxc3 23. bxc3 Be4 24. Nd2 Rd7 25. Nxe4 dxe4 26. Be6 1-0


[Site "https://www.chess.com"]

[Event "Titled Tuesday Blitz May 25 2021"]
[White "Budiarti, Farah Yumna"]
[Black "Mirzoev, Azer"]
[WhiteFideId "7107331"]
[BlackFideId "13400304"]
[WhiteElo "2503"]
[BlackElo "2525"]
[Result "1/2-1/2"]
[Round "02"]
[TimeControl "180+1"]
[Date "2021.05.25"]
[WhiteClock "0:00:11"]
[BlackClock "0:00:11"]

1. d4 d5 2. c4 c6 3. g3 Nf6 4. Bg2 Bf5 5. cxd5 cxd5 6. Nc3 e6 7. Qb3 Qb6 8. Nf3 Nc6 9. O-O Be7 10. Qxb6 axb6 11. Bf4 O-O 12. Rfd1 h6 13. Ne5 Rfc8 14. h3 g5 15. Be3 Bc2 16. Rd2 Bh7 17. f4 gxf4 18. Bxf4 Nxe5 19. Bxe5 Bg6 20. Rf1 Nd7 21. Bf4 h5 22. e4 dxe4 23. Bxe4 Bxe4 24. Nxe4 Rxa2 25. Bd6 Re8 26. g4 hxg4 27. hxg4 Ra5 28. Rc2 Rd5 29. Bxe7 Rxe7 30. Rc8+ Kg7 31. g5 Rf5 32. Rxf5 exf5 33. Nd6 Re1+ 34. Kf2 Nf8 35. Rc7 Re6 36. Nxf7 Kg6 37. Ne5+ Kxg5 38. Rxb7 Ng6 39. Rg7 Kh6 40. Rxg6+ Rxg6 41. Nxg6 Kxg6 42. Kf3 Kg5 43. b4 f4 44. d5 Kf5 45. d6 Ke6 46. Kxf4 Kxd6 47. Ke4 Kc6 48. Kd4 b5 49. Ke5 Kc7 50. Kd5 Kd7 51. Kc5 Kc7 52. Kxb5 Kb7 53. Kc5 Kc7 54. b5 Kb7 55. b6 Kb8 56. Kc6 Kc8 57. b7+ Kb8 58. Kb6 1/2-1/2


[Site "https://www.chess.com"]

[Event "Titled Tuesday Blitz May 25 2021"]
[White "Corrales Jimenez, Fidel"]
[Black "Do Valle Cardoso, Lucas"]
[WhiteFideId "3506690"]
[BlackFideId "2163144"]
[WhiteElo "2555"]
[BlackElo "2378"]
[Result "0-1"]
[Round "02"]
[TimeControl "180+1"]
[Date "2021.05.25"]
[WhiteClock "0:00:01"]
[BlackClock "0:02:18"]

1. e4 e5 2. Nf3 Nc6 3. d4 exd4 4. Nxd4 Nf6 5. Nxc6 bxc6 6. e5 Qe7 7. Qe2 Nd5 8. c4 Qh4 9. cxd5 Bb4+ 10. Bd2 cxd5 11. Nc3 Bb7 12. g3 Qd4 13. Bg2 O-O 14. O-O Rfe8 15. Rfe1 d6 16. Nb5 Qxd2 17. Nxc7 Qxe1+ 18. Rxe1 Rxe5 19. Qxe5 dxe5 20. Rxe5 Bd6 21. Re8+ Rxe8 22. Nxe8 Bb8 23. f4 Kf8 0-1


[Site "https://www.chess.com"]

[Event "Titled Tuesday Blitz May 25 2021"]
[White "Costachi, Mihnea"]
[Black "Escobar Forero, Alder"]
[WhiteFideId "1217518"]
[BlackFideId "4400801"]
[WhiteElo "2479"]
[BlackElo "2513"]
[Result "1-0"]
[Round "02"]
[TimeControl "180+1"]
[Date "2021.05.25"]
[WhiteClock "0:01:46"]
[BlackClock "0:00:13"]

1. d4 d5 2. c4 e6 3. Nc3 Nf6 4. Bg5 Be7 5. cxd5 exd5 6. Qc2 c6 7. e3 Nbd7 8. Bd3 h6 9. Bh4 Nh5 10. Bxe7 Qxe7 11. Nf3 Nb6 12. h3 Nf4 13. Bf1 g6 14. g4 h5 15. Rg1 hxg4 16. hxg4 Ne6 17. O-O-O Bd7 18. Ne5 O-O-O 19. Kb1 Kb8 20. Na4 Nxa4 21. Qxa4 Be8 22. Qc2 Ng5 23. f4 Ne4 24. Bd3 f6 25. Bxe4 dxe4 26. Nc4 Bf7 27. g5 Qb4 28. b3 Bxc4 29. Qxc4 Qxc4 30. bxc4 f5 31. Rh1 Kc7 32. Kc2 Kd6 33. Kc3 Ke6 34. Rb1 b6 35. a4 c5 36. d5+ Kd6 37. a5 Kc7 38. axb6+ axb6 39. Ra1 Kb7 40. Rh6 Rxh6 41. gxh6 Rh8 42. Rh1 Rh7 43. Kb3 Ka7 44. Ka4 Ka6 45. d6 b5+ 46. cxb5+ Kb7 47. Kb3 Kc8 48. Kc4 1-0


[Site "https://www.chess.com"]

[Event "Titled Tuesday Blitz May 25 2021"]
[White "Csonka, Balazs"]
[Black "kleopl"]
[WhiteFideId "742910"]
[WhiteElo "2404"]
[BlackElo "2485"]
[Result "1/2-1/2"]
[Round "02"]
[TimeControl "180+1"]
[Date "2021.05.25"]
[WhiteClock "0:00:02"]
[BlackClock "0:00:15"]

1. d4 d6 2. Nf3 Bg4 3. e4 c6 4. Nc3 d5 5. exd5 cxd5 6. h3 Bxf3 7. Qxf3 Nf6 8. Bf4 Nc6 9. O-O-O e6 10. g4 Bb4 11. g5 Bxc3 12. Qxc3 Ne4 13. Qe3 Nd6 14. Bd3 Qd7 15. c3 O-O-O 16. h4 Kb8 17. h5 Ka8 18. Kb1 Na5 19. Bxd6 Qxd6 20. f4 g6 21. Qe5 Rhg8 22. hxg6 hxg6 23. Qxd6 Rxd6 24. Rh7 Rf8 25. Rdh1 Nc6 26. Kc2 Rdd8 27. Rg7 Rde8 28. Rhh7 Nd8 29. Bb5 Re7 30. Rxg6 Kb8 31. Rgg7 Kc7 32. Be2 Kd6 33. Bh5 Nc6 34. Rxf7 Rexf7 35. Bxf7 Nd8 36. g6 Nxf7 37. Rxf7 Rxf7 38. gxf7 Ke7 39. Kd3 Kxf7 40. Ke3 Kf6 41. Kf2 b5 42. Kg3 Kf5 43. Kf3 Kg6 44. Kg4 Kf6 45. b3 a6 46. a4 bxa4 47. bxa4 a5 48. Kg3 Kf5 49. Kf3 Kg6 50. Kg4 Kf6 51. Kg3 Kf5 52. Kf3 Kg6 53. Kg3 Kf5 1/2-1/2


[Site "https://www.chess.com"]

[Event "Titled Tuesday Blitz May 25 2021"]
[White "CyberneticLion"]
[Black "Le, Tuan Minh"]
[BlackFideId "12401153"]
[WhiteElo "2567"]
[BlackElo "2450"]
[Result "1-0"]
[Round "02"]
[TimeControl "180+1"]
[Date "2021.05.25"]
[WhiteClock "0:00:31"]
[BlackClock "0:00:02"]

1. e4 c5 2. c3 Nf6 3. e5 Nd5 4. d4 cxd4 5. Nf3 Nc6 6. cxd4 d6 7. Bc4 dxe5 8. dxe5 Ndb4 9. Qxd8+ Nxd8 10. Na3 Bf5 11. O-O Rc8 12. Be3 a6 13. Rac1 Ndc6 14. e6 Bxe6 15. Bxe6 fxe6 16. Nc4 Nxa2 17. Ra1 Nab4 18. Ng5 Nd8 19. Nb6 Rc6 20. Rad1 Nd5 21. Nxd5 exd5 22. Rxd5 Rd6 23. Rfd1 h6 24. Nf3 Rxd5 25. Rxd5 e6 26. Rd3 Be7 27. Ne5 Bf6 28. f4 Bxe5 29. fxe5 Nf7 30. Rb3 b5 31. Ra3 O-O 32. Rxa6 Nxe5 33. Rxe6 Nc4 34. Bd4 Rd8 35. Bc3 Nxb2 36. Re7 Kf8 37. Rb7 Na4 38. Bxg7+ Kg8 39. Bxh6 Rd5 40. g4 Nc3 41. h4 1-0


[Site "https://www.chess.com"]

[Event "Titled Tuesday Blitz May 25 2021"]
[White "Dang, Hoang Son"]
[Black "Gontcharov, Vladislav"]
[WhiteFideId "12402435"]
[BlackFideId "4123492"]
[WhiteElo "2248"]
[BlackElo "2503"]
[Result "1-0"]
[Round "02"]
[TimeControl "180+1"]
[Date "2021.05.25"]
[WhiteClock "0:00:46"]
[BlackClock "0:00:04"]

1. d4 Nf6 2. c4 g6 3. Nf3 Bg7 4. Nc3 O-O 5. e4 d6 6. Be2 Bg4 7. O-O Nfd7 8. Ne1 Bxe2 9. Nxe2 c5 10. Be3 cxd4 11. Bxd4 Nc6 12. Bxg7 Kxg7 13. Nc2 Qa5 14. Ng3 Nf6 15. b3 a6 16. Ne3 Qc5 17. Rc1 e6 18. Qd2 Rfd8 19. Rfd1 a5 20. Qb2 Qe5 21. Qb1 h5 22. f3 Nd4 23. Qd3 Nc6 24. Kh1 a4 25. Rd2 axb3 26. axb3 h4 27. Ne2 h3 28. g4 Ra3 29. Nc2 Ra2 30. Nc3 Qf4 31. Nxa2 Ne5 32. Qe3 1-0


[Site "https://www.chess.com"]

[Event "Titled Tuesday Blitz May 25 2021"]
[White "Demin, Vladimir"]
[Black "Nguyen, Ngoc Truong Son"]
[WhiteFideId "4167457"]
[BlackFideId "12401110"]
[WhiteElo "2570"]
[BlackElo "2596"]
[Result "0-1"]
[Round "02"]
[TimeControl "180+1"]
[Date "2021.05.25"]
[WhiteClock "0:00:06"]
[BlackClock "0:00:05"]

1. e4 c5 2. Nf3 Nc6 3. c3 Nf6 4. e5 Nd5 5. d4 cxd4 6. cxd4 d6 7. Bc4 e6 8. O-O Nb6 9. Bb3 dxe5 10. dxe5 Qxd1 11. Rxd1 Be7 12. Nc3 O-O 13. Be3 Nd7 14. Nb5 a6 15. Nc7 Rb8 16. Rac1 Ndxe5 17. Nxe5 Nxe5 18. Ba7 Nd7 19. Bxb8 Nxb8 20. Na8 Bg5 21. Rc2 Bd7 22. Nb6 Bc6 23. Nc4 Bf6 24. Na5 Be4 25. Re2 Bc6 26. Red2 g6 27. f3 h5 28. Bc4 Rc8 29. Bf1 Rc7 30. Nxc6 Nxc6 31. Rd7 Rxd7 32. Rxd7 b5 33. Kf2 Bxb2 34. Rc7 Nb4 35. Rc8+ Kg7 36. Ra8 Bd4+ 37. Ke1 Nxa2 38. Rxa6 Nc3 39. Rd6 Be5 40. Rb6 Bxh2 41. Bxb5 Bg3+ 42. Kd2 Nd5 43. Rb7 Nf4 44. Bc4 Kf6 45. Bf1 g5 46. Ke3 h4 47. Ke4 Nd5 48. Bc4 Nf4 49. Bf1 Kg6 50. Rb6 f5+ 51. Kd4 Bf2+ 52. Ke5 Bxb6 0-1


[Site "https://www.chess.com"]

[Event "Titled Tuesday Blitz May 25 2021"]
[White "Denishev, Marat"]
[Black "Visakh N R"]
[WhiteFideId "24131563"]
[BlackFideId "25012223"]
[WhiteElo "2204"]
[BlackElo "2428"]
[Result "0-1"]
[Round "02"]
[TimeControl "180+1"]
[Date "2021.05.25"]
[WhiteClock "0:00:02"]
[BlackClock "0:00:20"]

1. c4 Nf6 2. Nc3 g6 3. g3 Bg7 4. Bg2 O-O 5. Nf3 c6 6. O-O d5 7. cxd5 cxd5 8. d4 Nc6 9. b3 Ne4 10. Bb2 Bg4 11. e3 Ng5 12. h4 Nxf3+ 13. Bxf3 Bxf3 14. Qxf3 e6 15. Rfc1 Qf6 16. Qe2 Rfc8 17. Ba3 Qd8 18. Na4 e5 19. dxe5 Bxe5 20. Bb2 d4 21. exd4 Nxd4 22. Qe4 Qf6 23. Kg2 Nc6 24. Rxc6 Qxc6 25. Qxc6 Rxc6 26. Bxe5 Rd8 27. Nc3 f6 28. Bxf6 Rxf6 29. Ne4 Rc6 30. Re1 Rc2 31. a4 Kg7 32. g4 Re8 33. Kg3 Rc3+ 34. f3 Rxb3 35. Rc1 Rxe4 0-1


[Site "https://www.chess.com"]